AoeStats
← Arrodes

Arabia

510620753Analyzed
2v2 RM · 1d ago on Oct 1, 2026· 52m 58s· 4 players
Game mode
Random Map
Map size
Medium (4 player)
Population
200
Speed
Normal
Resources
Standard
Victory
Conquest
Starting age
Dark Age
Ending age
Imperial Age
RankedLock teamsTeams togetherTeam positionsShared explorationLock speedFull tech treeHidden civsTurbo modeCheats
Victory
Defeat
🇦🇷 Gurjaras · Argentina
841
+16
🇮🇹 Saxons · Italy
831
+17
🇹🇷 Britons · Türkiye
862
-17
🇹🇷 Goths · Türkiye
824
-16
DragónLechero
7:07 Loom
9:28 Feudal Age
9:58 Double-Bit Axe
9:53 Man-at-Arms
10:35 Man-at-Arms
17:27 Fletching
22:46 Castle Age
22:19 Padded Archer Armor
22:15 Arson
22:40 Horse Collar
23:43 Bodkin Arrow
23:15 Crossbowman
24:43 Stone Mining
24:48 Gold Mining
25:33 Forging
25:42 Gambesons
26:01 Squires
25:47 Gambesons
27:20 Heavy Plow
28:25 Scale Mail Armor
30:34 Wheelbarrow
39:21 Chain Mail Armor
42:52 Iron Casting
42:39 Hand Cart
45:50 Imperial Age
46:29 Shield Wall
47:45 Plate Mail Armor
fr90.PISCU
7:24 Loom
11:00 Feudal Age
11:58 Double-Bit Axe
17:32 Horse Collar
23:34 Castle Age
21:48 Stone Mining
23:47 Forging
23:51 Gold Mining
25:15 Bloodlines
25:44 Scale Barding Armor
26:46 Bow Saw
29:32 Heavy Plow
35:02 Imperial Age
33:11 Wheelbarrow
36:52 Scale Mail Armor
38:42 Chain Mail Armor
39:03 Iron Casting
39:01 Conscription
44:10 Husbandry
emre_2626eses
10:45 Feudal Age
12:31 Double-Bit Axe
12:38 Horse Collar
27:04 Castle Age
35:23 Bow Saw
35:17 Heavy Plow
49:56 Squires
49:16 Pikeman
50:00 Scale Mail Armor
50:11 Forging
52:39 Iron Casting
52:19 Chain Mail Armor
52:34 Chain Mail Armor
Arrodes
0:27 Loom
9:53 Feudal Age
10:25 Double-Bit Axe
13:20 Horse Collar
22:02 Castle Age
20:59 Padded Archer Armor
20:51 Fletching
22:45 Forging
22:38 Scale Mail Armor
23:24 Bow Saw
23:25 Heavy Plow
24:13 Gold Mining
24:13 Stone Mining
24:32 Crossbowman
27:36 Gold Shaft Mining
26:52 Stone Mining
27:45 Loom
28:36 Wheelbarrow
28:41 Squires
30:41 Hand Cart
33:27 Leather Archer Armor
33:08 Bodkin Arrow
37:50 Imperial Age
35:06 Town Watch
36:28 Yeomen
36:41 Pikeman
37:06 Arson
39:26 Iron Casting
39:06 Chain Mail Armor
41:04 Elite Longbowman
41:57 Halberdier
44:58 Chemistry
46:57 Ballistics
48:19 Ring Archer Armor
47:49 Bracer
52:06 Masonry
Connection lost

Rejoining the realm…

Still unreachable

The connection could not be restored.

Session expired

The server has moved on; the page needs a fresh start.